 Dungeon Crawl Stone Soup version 0.24-a0-434-gd57e52fea8 (webtiles) character file.

Game seed: 13295412731568101533

151 Elric the Magician (level 5, -5/43 HPs)
             Began as a Gnoll Wanderer on June 14, 2019.
             Slain by a crocodile (7 damage)
             ... in a sewer.
             The game lasted 00:04:44 (2250 turns).

Elric the Magician (Gnoll Wanderer)                 Turns: 2250, Time: 00:04:45

Health: -5/43      AC:  5    Str: 14 (15) XL:     5   Next: 33%
Magic:  10/12      EV: 12    Int: 12 (15) God:
Gold:   60         SH:  0    Dex: 11 (14) Spells: 13/14 levels left

rFire    . . .     SeeInvis .   a - +2 dagger
rCold    . . .     Gourm    .   (no shield)
rNeg     . . .     Faith    .   d - +0 robe
rPois    .         Spirit   .   n - +1 hat
rElec    .         Reflect  .   (no cloak)
rCorr    .         Harm     .   o - +1 pair of gloves
MR       .....                  (no boots)
Stlth    +++.......             (no amulet)
HPRegen  0.14/turn              e - ring of stealth
MPRegen  0.13/turn              (no ring)

@: no status effects
A: distributed training, fangs 1, strong nose
a: no special abilities


You were in a sewer.
You were not hungry.

You visited 1 branch of the dungeon, and saw 3 of its levels.
You also visited: Sewer.

You collected 60 gold pieces.

Inventory:

Hand Weapons
 a - a +2 dagger (weapon)
Armour
 d - a +0 robe (worn)
 l - a +0 helmet
 n - a +1 hat (worn)
 o - a +1 pair of gloves (worn)
Jewellery
 e - a ring of stealth (left hand)
Scrolls
 b - a scroll of fear
 c - a scroll of magic mapping
 g - 2 scrolls of random uselessness {unknown}
 h - 2 scrolls of teleportation {unknown}
 i - 2 scrolls of fog {unknown}
 j - 2 scrolls of identify {unknown}
 k - 2 scrolls of amnesia {unknown}
Comestibles
 f - 4 rations


   Skills:
 + Level 4.7 Fighting
 + Level 1.4 Short Blades
 + Level 1.4 Long Blades
 + Level 1.4 Axes
 + Level 1.4 Maces & Flails
 + Level 1.4 Polearms
 + Level 1.4 Staves
 + Level 1.4 Slings
 + Level 1.4 Bows
 + Level 1.4 Crossbows
 + Level 1.4 Throwing
 + Level 1.4 Armour
 + Level 1.4 Dodging
 + Level 4.4 Stealth
 + Level 2.9 Shields
 + Level 1.4 Unarmed Combat
 + Level 5.2 Spellcasting
 + Level 1.1 Conjurations
 + Level 1.1 Hexes
 + Level 3.9 Charms
 + Level 1.1 Summonings
 + Level 2.3 Necromancy
 + Level 1.1 Translocations
 + Level 1.1 Transmutations
 + Level 1.1 Fire Magic
 + Level 1.1 Ice Magic
 + Level 1.1 Air Magic
 + Level 1.1 Earth Magic
 + Level 1.1 Poison Magic
 + Level 1.6 Invocations
 + Level 1.4 Evocations


You had 13 spell levels left.
You knew the following spells:

 Your Spells              Type           Power        Failure   Level  Hunger
a - Flame Tongue          Conj/Fire      #....        12%         1    None

Your spell library contained the following spells:

 Spells                   Type           Power        Failure   Level  Hunger
 Ignite Poison            Fire/Tmut/Pois #.......     36%         3    ###....


Dungeon Overview and Level Annotations

Branches:
Dungeon (3/15)

Altars:
Fedhas


Innate Abilities, Weirdness & Mutations

Your experience applies equally to all skills.
You have very sharp teeth.
Your uncanny sense of smell can sniff out nearby items.


Message History

The crocodile is lightly wounded.
The crocodile bites you!
Unknown command.
Casting: Flame Tongue (safe; 10% risk of failure)
Confirm with . or Enter, or press ? or * to list all spells.
Aiming: Flame Tongue (safe; 10% risk of failure)
Press: ? - help, Shift-Dir - straight line, f/p - crocodile
Aim: a crocodile (steam, lightly wounded)
The flame tongue hits the crocodile.
The crocodile is moderately wounded.
The crocodile is engulfed in a cloud of scalding steam.
The crocodile bites you!
The crocodile is engulfed in a cloud of scalding steam.
The crocodile bites you!
* * * LOW HITPOINT WARNING * * *
It was a potion of degeneration.
There was something very wrong with that liquid.
You feel weakened.
You feel dopey.
You feel clumsy. The crocodile bites you!
You die...

# ### # # .≈.## ## #$∆
### .....### #.
#?≈##.. #.....### #.
###..≈≈ #.....###≈
#....≈.## ##≈..≈≈..≈
#.≈≈≈.### ###≈....###.
#?.##..t@.####.≈.≈.###
#. ∆∆ ###..≈≈.≈....###
#. ###......### ##
######## # # # #


You could see a crocodile.

Vanquished Creatures
  Ijyb (D:3)
  5 adders (D:2)
  An ooze (D:3)
  5 dart slugs
  5 leopard geckos (D:3)
  8 giant cockroaches
  6 hobgoblins
  2 jackals (Sewer)
  A quokka (D:3)
  A ball python (D:2)
  2 bats (D:1)
  6 goblins
  11 kobolds
  8 rats
62 creatures vanquished.

Notes
Turn   | Place    | Note
-------+----------+-------------------------------------------
     0 | D:1      | Elric the Gnoll Wanderer began the quest for the Orb.
     0 | D:1      | Elric set off with the following items: a +2 dagger, a
                  | scroll of fear, a +0 robe, a ration; and the following
                  | spell memorised: Flame Tongue; and the following spells
                  | available to memorise: Ignite Poison
     0 | D:1      | Reached XP level 1. HP: 20/20 MP: 6/6
    38 | D:1      | Reached XP level 2. HP: 23/26 MP: 3/7
   198 | D:1      | You fall into a shaft and drop 1 floor!
   489 | D:1      | Reached XP level 3. HP: 9/31 MP: 1/9
   723 | D:1      | Reached skill level 5 in Spellcasting
   936 | D:2      | Reached skill level 1 in Invocations
  1099 | D:2      | Reached skill level 1 in Short Blades
  1099 | D:2      | Reached skill level 1 in Long Blades
  1099 | D:2      | Reached skill level 1 in Axes
  1099 | D:2      | Reached skill level 1 in Maces & Flails
  1099 | D:2      | Reached skill level 1 in Polearms
  1099 | D:2      | Reached skill level 1 in Staves
  1099 | D:2      | Reached skill level 1 in Slings
  1099 | D:2      | Reached skill level 1 in Bows
  1099 | D:2      | Reached skill level 1 in Crossbows
  1099 | D:2      | Reached skill level 1 in Throwing
  1099 | D:2      | Reached skill level 1 in Armour
  1099 | D:2      | Reached skill level 1 in Dodging
  1099 | D:2      | Reached skill level 1 in Unarmed Combat
  1099 | D:2      | Reached skill level 1 in Evocations
  1159 | D:2      | Reached XP level 4. HP: 30/38 MP: 7/11
  1692 | D:2      | Reached skill level 1 in Conjurations
  1692 | D:2      | Reached skill level 1 in Hexes
  1692 | D:2      | Reached skill level 1 in Summonings
  1692 | D:2      | Reached skill level 1 in Translocations
  1692 | D:2      | Reached skill level 1 in Transmutations
  1692 | D:2      | Reached skill level 1 in Fire Magic
  1692 | D:2      | Reached skill level 1 in Ice Magic
  1692 | D:2      | Reached skill level 1 in Air Magic
  1692 | D:2      | Reached skill level 1 in Earth Magic
  1692 | D:2      | Reached skill level 1 in Poison Magic
  1697 | D:2      | Found a blossoming altar of Fedhas.
  1911 | D:3      | Noticed Ijyb
  1926 | D:3      | Killed Ijyb
  1926 | D:3      | Reached XP level 5. HP: 31/43 MP: 1/12
  1985 | D:3      | Found a glowing drain.
  2017 | Sewer    | Entered a sewer
  2243 | Sewer    | Noticed a crocodile
  2249 | Sewer    | HP: 2/43 [crocodile (14)]
  2250 | Sewer    | Slain by a crocodile

Levels and vault maps discovered:
D:1:      minmay_arrival_doors, layout_rooms, feat_on_display
D:2:      layout_loops_ring, marbit_many_paths, lemuel_old_faithful
D:3:      layout_basic, gup_sewer_entry_pipe, gammafunk_ghost_cemetery,
          uniq_ijyb, uniq_terence
Sewer:    sewer_the_crocodile

Skill      XL: |  1  2  3  4 |
---------------+-------------+-----
Necromancy     | 2 |  2.3
Spellcasting   | 5 |  5.2
Invocations    | 1 |  1.6
Short Blades   | 1 |  1.4
Long Blades    | 1 |  1.4
Axes           | 1 |  1.4
Maces & Flails | 1 |  1.4
Polearms       | 1 |  1.4
Staves         | 1 |  1.4
Slings         | 1 |  1.4
Bows           | 1 |  1.4
Crossbows      | 1 |  1.4
Throwing       | 1 |  1.4
Armour         | 1 |  1.4
Dodging        | 1 |  1.4
Unarmed Combat | 1 |  1.4
Evocations     | 1 |  1.4
Conjurations   | 1 |  1.1
Hexes          | 1 |  1.1
Summonings     | 1 |  1.1
Translocations | 1 |  1.1
Transmutations | 1 |  1.1
Fire Magic     | 1 |  1.1
Ice Magic      | 1 |  1.1
Air Magic      | 1 |  1.1
Earth Magic    | 1 |  1.1
Poison Magic   | 1 |  1.1
Fighting       | |  4.7
Stealth        | |  4.4
Shields        | |  2.9
Charms         | |  3.9

Action                   |  1- 3 |  4- 6 || total
-------------------------+-------+-------++-------
Melee: Dagger            |    56 |    33 ||    89
       Bite              |     4 |     5 ||     9
 Cast: Flame Tongue      |    32 |    57 ||    89
  Use: Potion            |     1 |     2 ||     3
       Scroll            |       |     1 ||     1
 Stab: Sleeping          |     3 |     2 ||     5
  Eat: Chunk             |       |     4 ||     4
Armor: Robe              |    17 |    20 ||    37
Dodge: Dodged            |    52 |    49 ||   101

Table legend:
 A = Non-vault XP
 B = Vault XP
 C = Vault XP percentage of total XP
 D = Non-vault monster count
 E = Vault monster count
 F = Vault count percentage of total count
                 A         B        C        D         E       F
            +---------+---------+-------+---------+---------+-------
      Total |     145 |      71 |  32.9 |      46 |      16 |  25.8
            +---------+---------+-------+---------+---------+-------
        D:1 |      38 |       0 |   0.0 |      19 |       0 |   0.0
        D:2 |      92 |       4 |   4.2 |      22 |       1 |   4.3
        D:3 |      15 |      59 |  79.7 |       5 |      10 |  66.7
      Sewer |       0 |       8 | 100.0 |       0 |       5 | 100.0
            +---------+---------+-------+---------+---------+-------
